 Dungeon Crawl Stone Soup version 0.22-a0-776-ge6d7efa (webtiles) character file.

23 Hebeh the Conjurer (level 2, 0/15 HPs)
             Began as a Deep Elf Conjurer on July 18, 2018.
             Slain by Sigmund
             ... wielding a +0 scythe
              (6 damage)
             ... on level 2 of the Dungeon.
             The game lasted 00:04:43 (1432 turns).

Hebeh the Conjurer (Deep Elf Conjurer)              Turns: 1432, Time: 00:04:44

Health: 0/15       AC:  5    Str:  5    XL:     2   Next: 72%
Magic:  1/8        EV: 13    Int: 19    God:
Gold:   106        SH:  0    Dex: 15    Spells: 5/8 levels left

rFire    . . .     SeeInvis .   a - +0 short sword
rCold    . . .     Gourm    .   (no shield)
rNeg     . . .     Faith    .   f - +0 robe
rPois    .         Spirit   .   k - +2 helmet
rElec    .         Reflect  .   (no cloak)
rCorr    .         Harm     .   (no gloves)
MR       .....                  (no boots)
Stlth    ++........             (no amulet)
HPRegen  0.05/turn              (no ring)
MPRegen  0.11/turn              (no ring)

@: no status effects
A: no striking features
a: no special abilities


You were on level 2 of the Dungeon.
You were not hungry.

You visited 1 branch of the dungeon, and saw 2 of its levels.

You collected 106 gold pieces.

Inventory:

Hand Weapons
 a - a +0 short sword (weapon)
Missiles
 b - 18 stones (quivered)
 d - 16 bolts
 i - 16 arrows
Armour
 f - a +0 robe (worn)
 k - a +2 helmet (worn)
Scrolls
 g - 5 scrolls of identify {unknown}
 l - a scroll of amnesia {unknown}
Potions
 e - a potion of haste {unknown}
 h - a potion of brilliance {unknown}
 j - a potion of degeneration {unknown}
Comestibles
 c - 2 rations


   Skills:
 - Level 2.4 Dodging
 - Level 2.4 Stealth
 + Level 3.6 Spellcasting
 * Level 5.0 Conjurations


You had 5 spell levels left.
You knew the following spells:

 Your Spells              Type           Power        Failure   Level  Hunger
a - Magic Dart            Conj           ###.         1%          1    None
c - Searing Ray           Conj           ###...       2%          2    ##.....

Your spell library contained the following spells:

 Spells                   Type           Power        Failure   Level  Hunger
 Iskenderun's Mystic Bla  Conj           ###.....     19%         4    ####...
 Fulminant Prism          Conj/Hex       ##........   45%         4    ####...
 Dazzling Spray           Conj/Hex       ##....       16%         3    ###....
 Force Lance              Conj/Tloc      ##......     45%         4    ####...


Dungeon Overview and Level Annotations

Branches:
Dungeon (2/15)

Altars:

Annotations:
D:2 Sigmund


Message History

You feel less confused.
Sigmund appears from thin air!
Reactivating autopickup.
Casting: Magic Dart (safe; 1% risk of failure)
Confirm with . or Enter, or press ? or * to list all spells.
Aiming: Searing Ray (safe; 2% risk of failure)
Press: ? - help, Shift-Dir - straight line, f/p - Sigmund
Aim: Sigmund, wielding a scythe and wearing a robe (lightly wounded)
The searing ray hits Sigmund.
Sigmund is lightly wounded. (Press . to maintain the ray.) Sigmund hits you but does no damage.
The searing ray hits Sigmund.
Sigmund is moderately wounded.
Sigmund barely misses you.
The searing ray hits Sigmund.
Sigmund is heavily wounded.
The searing ray misses Sigmund.
You finish channeling your searing ray.
Sigmund hits you from afar with a scythe.
You die...

.. ..# #. #. #.# ###########
#'##'##########'## ####...##....#
.................# #......##....#
.................###......##.....
...................'.......'.....
...................#.......#.....
..............@............+.....
........#######.@..........#.....
#.......# #............#.....
........# #.............#+...
........#######.............#+...
............................##...
............................++...
.......##......##.#[........##...
.......##......##.#..........#
#..............## #.♣♣♣≈P.....


You could see Sigmund.

Vanquished Creatures
  A giant cockroach (D:2)
  A goblin (D:1)
  4 hobgoblins
  A quokka (D:2)
  2 ball pythons (D:1)
  7 bats
  4 frilled lizards
  3 kobolds (D:1)
  2 rats (D:1)
25 creatures vanquished.

Notes
Turn   | Place    | Note
-------+----------+-------------------------------------------
     0 | D:1      | Hebeh the Deep Elf Conjurer began the quest for the Orb.
     0 | D:1      | Reached XP level 1. HP: 10/10 MP: 6/6
   239 | D:1      | Reached XP level 2. HP: 15/15 MP: 2/8
  1272 | D:2      | Reached skill level 5 in Conjurations
  1364 | D:2      | Learned a level 2 spell: Searing Ray
  1380 | D:2      | Noticed Sigmund
  1432 | D:2      | Slain by Sigmund

Vault maps used:
D:1:      mushboom_english_gardens, minmay_misc_feat_cross
D:2:      nicolae_overflow_hidden_temple, amethyst_overflow_temple_binary,
          serial_bayou_lagoon_b, uniq_sigmund

Skill      XL: |  1  2 |
---------------+-------+-----
Conjurations   | 5 |  5.0
Dodging        | |  2.4
Stealth        | |  2.4
Spellcasting   | |  3.6

Action                   || total
-------------------------++-------
Melee: Short sword       ||     2
 Cast: Magic Dart        ||    39
       Searing Ray       ||     2
  Eat: Chunk             ||     1
Armor: Robe              ||     7
Dodge: Dodged            ||     8

Table legend:
 A = Spawn XP
 B = Non-spawn XP
 C = Spawn XP percentage of total XP
 D = Spawn monster count
 E = Non-spawn monster count
 F = Spawn count percentage of total count
 G = Total turns spent on level
                    A         B        C        D         E        F      G
               +---------+---------+-------+---------+---------+-------+---------
         Total |       0 |      33 |   0.0 |       0 |      25 |   0.0 |  1432
               +---------+---------+-------+---------+---------+-------+---------
           D:1 |       0 |      24 |   0.0 |       0 |      19 |   0.0 |  1246
           D:2 |       0 |       9 |   0.0 |       0 |       6 |   0.0 |   186
               +---------+---------+-------+---------+---------+-------+---------
